 Dungeon Crawl Stone Soup version 0.29-a0-275-g389c0b56f3 (webtiles) character file.

Game seed: 13516935136932051284

4575 spaghetti the Warrior (level 10, -1/144 HPs)
             Began as a Demonspawn Chaos Knight on Mar 9, 2022.
             Was a Plaything of Xom.
             Killed by divine providence
             ... invoked by an orc priest
              (16 damage)
             ... on level 7 of the Dungeon.
             The game lasted 00:15:45 (6696 turns).

spaghetti the Warrior (Demonspawn Chaos Knight)     Turns: 6696, Time: 00:15:46

Health: -1/144     AC: 10    Str: 12    XL:     10   Next: 18%
Magic:  10/10      EV: 17    Int: 11    God:    Xom [....*.]
Gold:   328        SH:  4    Dex: 18    Spells: 5/9 levels left

rFire   . . .      SeeInvis +   f - +2 dagger (distort) {!wshort}
rCold   . . .      Faith    .   (no shield)
rNeg    . . .      Spirit   .   b - +2 leather armour
rPois   .          Reflect  .   J - +0 helmet
rElec   +          Harm     .   (no cloak)
rCorr   .          Rampage  .   k - +1 pair of gloves
Will    .....                   (no boots)
Stlth   ..........              n - amulet of the acrobat
HPRegen 0.34/turn               j - +4 ring of slaying
MPRegen 0.12/turn               (no ring)

@: berserking, attractive, unable to read, very quick
A: icy blue scales 1, condensation shield, demonic magic 2, demonic touch 2, see
invisible, dopey 1, electricity resistance, inability to read while threatened
a: Renounce Religion


You were on level 7 of the Dungeon.
You worshipped Xom.
You were a beloved toy of Xom.
You visited 1 branch of the dungeon, and saw 7 of its levels.
You also visited: Sewer.

You collected 391 gold pieces.
You spent 63 gold pieces at shops.


Innate Abilities, Weirdness & Mutations

You are partially covered in icy blue scales. (AC +2)
A meltable shield of frost defends you. (SH +4)
Spells you cast may paralyse nearby enemies.
Your touch may inflict irresistible damage on your foes.
You have supernaturally acute eyesight. (SInv)
You are dopey. (Int -2)
You are resistant to electric shocks. (rElec)
You sometimes lose the ability to read scrolls when taking damage.


   Skills:
 - Level 15.0 Fighting
 - Level 2.6 Short Blades
 - Level 1.7 Armour
 + Level 9.3 Dodging


You had 5 spell levels left.
You knew the following spells:

 Your Spells              Type           Power      Damage    Failure   Level
a - Summon Ice Beast      Ice/Summ       0%         N/A       99%         4

Your spell library contained the following spells:

 Spells                   Type           Power      Damage    Failure   Level
 Summon Small Mammal      Summ           0%         N/A       41%         1
 Call Canine Familiar     Summ           0%         N/A       80%         3
 Frozen Ramparts          Ice            0%         1d2       80%         3
 Gell's Gravitas          Tloc           0%         N/A       80%         3
 Ignite Poison            Fire/Tmut/Pois 0%         N/A       80%         3
 Lesser Beckoning         Tloc           0%         N/A       80%         3
 Mephitic Cloud           Conj/Pois/Air  0%         N/A       80%         3
 Ozocubu's Armour         Ice            0%         N/A       80%         3
 Summon Guardian Golem    Hex/Summ       0%         N/A       80%         3
 Teleport Other           Tloc           0%         N/A       80%         3
 Tukima's Dance           Hex            0%         N/A       80%         3
 Anguish                  Hex/Necr       0%         N/A       99%         4
 Ice Form                 Ice/Tmut       0%         N/A       99%         4
 Freezing Cloud           Conj/Ice/Air   0%         6-21      100%        5
 Enfeeble                 Hex            0%         N/A       100%        7
 Ozocubu's Refrigeration  Ice            0%         4d5       100%        7

Inventory:

Hand Weapons
 a - the +4 fustibalus "Beetleslayer" {chaos, Fragile Will++, sling}
   (Xom gifted it to you on level 6 of the Dungeon)

   Each projectile launched from it has a different, random effect.
   Fragile:   It will be destroyed if unequipped.
   Will:      It greatly increases your willpower.
 f - a +2 dagger of distortion (weapon) {!wshort}
   (You took it off a goblin on level 1 of the Dungeon)
 M - a +0 bardiche {polearm}
   (You found it on level 6 of the Dungeon)
Missiles
 h - 195 stones {throwing}
 s - 7 poisoned darts {throwing}
 v - 8 curare-tipped darts {=fthrowing}
 B - 2 throwing nets {=f!fthrowing}
 D - 5 atropa-tipped darts {throwing}
 L - 2 javelins {throwing}
Armour
 b - a +2 leather armour (worn)
 k - a +1 pair of gloves (worn)
   (You found it on level 1 of the Dungeon)
 J - a +0 helmet (worn)
   (You found it in a sewer)
Magical Staves
 d - a staff of cold {!astaff}
   (You found it on level 7 of the Dungeon)
Jewellery
 j - a +4 ring of slaying (left hand)
   (You found it on level 7 of the Dungeon)
 n - an amulet of the acrobat (around neck)
   (You found it on level 4 of the Dungeon)
 C - a ring of poison resistance
   (You found it on level 5 of the Dungeon)
Wands
 x - a wand of digging (3)
   (You found it on level 3 of the Dungeon)
 E - a wand of iceblast (10)
   (You found it on level 5 of the Dungeon)
 I - a wand of polymorph (10)
   (You found it in a sewer)
Scrolls
 e - 2 scrolls of fear
 g - a scroll of noise {unknown}
 t - 2 scrolls of vulnerability {!r!r}
 u - 3 scrolls of amnesia
 y - 2 scrolls of enchant weapon
 A - a scroll of fog
 H - 5 scrolls of teleportation {@r4}
Potions
 i - 2 potions of mutation {!q}
 l - 2 potions of heal wounds {@q2}
 m - a potion of degeneration {!q@e2}
 o - a potion of cancellation
 p - 2 potions of haste {@q3}
 q - a potion of resistance
 r - 2 potions of brilliance
 w - a potion of magic
 G - 4 potions of flight
Miscellaneous
 c - a piece from Xom's chessboard (15/15) (quivered)

Dungeon Overview and Level Annotations

Branches:
Dungeon (7/15)             Temple (0/1) D:4           Sewer (visited)

Altars:
Gozag
Nemelex Xobeh

Shops:
D:5 :(

Annotations:
D:3 3 runed translucent doors, siradein's ghost, amateur DrSu
Abyss:1 Pikel

#..# .# ♣# .#..# .♣ ..
♣.. ...## ♣.## .###.♣
P.#.#. ♣.... .....♣
....#... ♣.... o....♣ ...
#... ♣..... oo...♣ ♣.
#... ♣.≈...###oY.≈.♣ #...
♣......♣@)o...♣ #...
♣)♣♣♣♣♣♣♣ #.## #.##
#######.## ♣..♣
#....##### ♣♣.♣.♣
#....##### ♣ ♣)♣♣♣♣
#......... ♣.♣.♣
#..>..#### ♣...♣♣
#......# #
#######.########......###


You could see an ice beast, an orc priest, an orc wizard (invisible) and 3 orcs.


Message History

The unseen horror barely misses you. You block the manticore's attack.
The manticore claws you!
The manticore claws you but does no damage. 😮 HP[-7]
You take 7 damage, and now have 57/96 hp.
You puncture the manticore!
Space warps around the manticore.
Your touch misses the manticore. The unseen horror barely misses you.
The manticore completely misses you. The manticore claws you.
The manticore claws you but does no damage.
The unseen horror hits you.
* * * LOW HITPOINT WARNING * * *
😨 HP[-9]
You take 9 damage, and now have 48/96 hp.
You hit the manticore but do no damage. The unseen horror barely misses you.
The manticore closely misses you. The manticore barely misses you.
The manticore claws you!
* * * LOW HITPOINT WARNING * * *
An ice beast comes into view. 😨 HP[-11]
You take 11 damage, and now have 37/96 hp.
It was a potion of attraction.
You feel attractive to monsters.
Xom thinks this is hilarious!
The unseen horror hits you but does no damage.
The unseen horror closely misses you.
The orc wizard casts a spell.
The orc wizard flickers and vanishes for a moment.
The manticore closely misses you. The manticore misses you.
The manticore claws you but does no damage.
The orc is attracted toward you. 😨 HP[+1] It was a potion of berserk rage.
A red film seems to cover your vision as you go berserk!
You feel yourself moving faster!
You feel mighty!
You rip and tear the barbed spikes from your body.
The unseen horror misses you. The unseen horror closely misses you.
The manticore bites you!
* * * LOW HITPOINT WARNING * * *
The manticore closely misses you. x2 😨 HP[+3]
You now have 144 max hp (+48).
You regained 3 hp, and now have 41/144 hp.
You are too berserk!
You hit the unseen horror.
You touch the unseen horror.
The unseen horror closely misses you.
A wight comes into view. It is wielding a +1 trident.
You hit the unseen horror.
Space warps horribly around the unseen horror!
The unseen horror hits you but does no damage.
The manticore misses you. The manticore barely misses you.
The manticore claws you but does no damage.
You hit the wight. Your touch misses the wight.
The unseen horror completely misses you.
The unseen horror hits you but does no damage.
The wight barely misses you.
You hit the wight but do no damage.
Space warps around the wight.
The manticore bites you.
* * * LOW HITPOINT WARNING * * *
The manticore closely misses you. You block the manticore's attack.
The orc wizard casts a spell.
The orc wizard flickers and vanishes for a moment.
The unseen horror hits you.
* * * LOW HITPOINT WARNING * * *
😨 HP[-4]
You take 4 damage, and now have 37/144 hp.
You puncture the wight!
Space warps around the wight.
You destroy the wight!
The unseen horror closely misses you. The manticore completely misses you.
The manticore claws you but does no damage.
The manticore closely misses you.
Unknown command.
You puncture the unseen horror!
You kill the unseen horror!
You hit the manticore.
Space warps horribly around the manticore!
The manticore bites you!
* * * LOW HITPOINT WARNING * * *
The manticore claws you.
* * * LOW HITPOINT WARNING * * *
The manticore claws you but does no damage.
You hear a shout! 😱 HP[-23]
You take 23 damage, and now have 14/144 hp.
You puncture the manticore!
You kill the manticore!
The orc wizard hits you but does no damage.
The orc is attracted toward you.
Your Dodging skill increases to level 9!
You miss the orc wizard.
An orc priest comes into view. It is wielding a +0 short sword.
The orc wizard misses you. 😱 HP[+1]
You barely miss the orc wizard. Your touch misses the orc wizard.
The orc misses you.
You puncture the orc wizard!
You kill the orc wizard!
The orc priest invokes the aid of Beogh against you.
Beogh smites you!
You die...
Xom is highly amused!

Skill      XL: |  1  2  3  4  5  6  7  8  9 10 |
---------------+-------------------------------+-----
Fighting       | 4 5 8 9 12 15 | 15.0
Dodging        | 1 2 3 8 9 |  9.3
Short Blades   | |  2.6
Armour         | |  1.7

Action                   |  1- 3 |  4- 6 |  7- 9 | 10-12 || total
-------------------------+-------+-------+-------+-------++-------
Melee: Short sword       |    13 |       |       |       ||    13
       Dagger            |    55 |   132 |   280 |    17 ||   484
       Touch             |     5 |    23 |    46 |     3 ||    77
       Kick              |       |    14 |       |       ||    14
       Punch             |       |       |     5 |     1 ||     6
Evoke: Piece from Xom's  |       |       |     1 |       ||     1
  Use: Scroll            |     1 |     5 |     6 |       ||    12
       Potion            |       |     9 |     4 |     2 ||    15
 Stab: Sleeping          |       |     2 |     2 |       ||     4
       Distracted        |       |     1 |       |       ||     1
Armor: Leather armour    |    17 |    40 |    79 |    10 ||   146
       Skin              |       |       |     4 |       ||     4
Dodge: Dodged            |    35 |    62 |   212 |    31 ||   340
Block: Other             |       |       |    16 |     2 ||    18

Levels and vault maps discovered:
D:1:      dpeg_arrival_connections, layout_basic, minmay_3d_cube
D:2:      layout_basic, basic_altar, minmay_small_reverse_x
D:3:      layout_loops_cross, basic_ecumenical_altar, ebering_ghost_gozag
D:4:      layout_cave_pods, minmay_temple_entry_glass
D:5:      layout_rooms, serial_shops, nicolae_shop_crystal,
          portal_sewer_entry_e, nicolae_shop_firing_range
D:6:      layout_loops_cross
D:7:      nzn_winding_woodlands_cross [nzn_winding_woodlands_5x15_garden,
          nzn_winding_woodlands_5x15_jagged,
          nzn_winding_woodlands_5x15_longhouse,
          nzn_winding_woodlands_5x15_pathside_ponds,
          nzn_winding_woodlands_15x15_five_gardens], layout_rooms,
          lightli_minifort, uniq_pikel

Notes
Turn   | Place    | Note
-------+----------+-------------------------------------------
     0 | D:1      | spaghetti the Demonspawn Chaos Knight began the quest for
                  | the Orb.
     0 | D:1      | Reached XP level 1. HP: 18/18 MP: 1/1
     0 | D:1      | magus.rc [v1.9.6]
     5 | D:1      | XOM: silly message
   138 | D:1      | You add the spells Ozocubu's Armour and Ozocubu's
                  | Refrigeration to your library.
   153 | D:1      | Gained mutation: Spells you cast may paralyse adjacent
                  | enemies. [demonic ancestry]
   153 | D:1      | Reached XP level 2. HP: 24/24 MP: 2/2
   305 | D:1      | Reached skill level 4 in Fighting
   442 | D:1      | XOM: smoke on damage
   444 | D:1      | Gained mutation: Your touch may inflict minor irresistible
                  | damage on your foes. [demonic ancestry]
   444 | D:1      | Reached XP level 3. HP: 27/31 MP: 3/3
   851 | D:2      | Reached skill level 1 in Dodging
   938 | D:2      | XOM: cloud trail
  1085 | D:2      | XOM: enchant monster (bad)
  1089 | D:2      | Reached XP level 4. HP: 38/38 MP: 4/4
  1183 | D:2      | Found a sparkling altar of Nemelex Xobeh.
  1511 | D:2      | Reached skill level 2 in Dodging
  1522 | D:2      | XOM: give mutations
  1522 | D:2      | Gained mutation: You sometimes lose the ability to read
                  | scrolls when taking damage. [Xom's mischief]
  1522 | D:2      | Gained mutation: You are dopey. (Int -2) [Xom's mischief]
  1522 | D:2      | Gained mutation: You have large cloven feet. [Xom's
                  | mischief]
  1612 | D:2      | Identified a scroll of acquirement
  1612 | D:2      | Acquired a manual of Fighting
  1896 | D:3      | Reached skill level 5 in Fighting
  1980 | D:3      | XOM: 3-stop teleportation journey
  2031 | D:3      | Found a faded altar of an unknown god.
  2069 | D:3      | Found a runed translucent gate.
  2070 | D:3      | Found a runed translucent gate.
  2070 | D:3      | Found an opulent altar of Gozag.
  2072 | D:3      | Found a runed translucent gate.
  2073 | D:3      | Noticed siradein's ghost (amateur DrSu)
  2172 | D:3      | You pick up a book of Displacement and begin reading...
  2172 | D:3      | You add the spells Lesser Beckoning, Gell's Gravitas and
                  | Teleport Other to your library.
  2421 | D:3      | XOM is BORED!
  2421 | D:3      | XOM: give mutations
  2421 | D:3      | Gained mutation: You do not regenerate when monsters are
                  | visible. [Xom's mischief]
  2421 | D:3      | Gained mutation: You are resistant to electric shocks.
                  | (rElec) [Xom's mischief]
  2497 | D:4      | Gained mutation: Spells you cast may paralyse nearby
                  | enemies. [demonic ancestry]
  2497 | D:4      | Reached XP level 5. HP: 46/46 MP: 5/5
  2535 | D:4      | Reached skill level 6 in Fighting
  2697 | D:4      | Noticed a sky beast
  2712 | D:4      | Reached skill level 7 in Fighting
  2712 | D:4      | Killed a sky beast
  2713 | D:4      | Reached skill level 8 in Fighting
  2713 | D:4      | Gained mutation: You are partially covered in icy blue
                  | scales. (AC +2) [demonic ancestry]
  2713 | D:4      | Reached XP level 6. HP: 22/56 MP: 6/6
  2977 | D:4      | Found a staircase to the Ecumenical Temple.
  3061 | D:4      | Reached skill level 9 in Fighting
  3069 | D:4      | Lost mutation: You do not regenerate when monsters are
                  | visible. [potion of mutation]
  3069 | D:4      | Lost mutation: You have large cloven feet. [potion of
                  | mutation]
  3069 | D:4      | Lost mutation: You are resistant to electric shocks.
                  | (rElec) [potion of mutation]
  3069 | D:4      | Gained mutation: You have supernaturally acute eyesight.
                  | (SInv) [potion of mutation]
  3069 | D:4      | Gained mutation: You are resistant to electric shocks.
                  | (rElec) [potion of mutation]
  3229 | D:4      | You pick up a book of Maledictions and begin reading...
  3229 | D:4      | You add the spells Tukima's Dance, Anguish and Enfeeble to
                  | your library.
  3385 | D:4      | XOM: enchant monster (bad)
  3726 | D:4      | You pick up a book of Callings and begin reading...
  3726 | D:4      | You add the spells Summon Small Mammal, Call Canine
                  | Familiar and Summon Guardian Golem to your library.
  3780 | D:5      | Entered Level 5 of the Dungeon
  3781 | D:5      | Found Xakhad's Book Emporium.
  3800 | D:5      | XOM: swap monsters
  3801 | D:5      | Gained mutation: Your touch may inflict irresistible damage
                  | on your foes. [demonic ancestry]
  3801 | D:5      | Reached XP level 7. HP: 60/65 MP: 7/7
  3802 | D:5      | Reached skill level 10 in Fighting
  3803 | D:5      | XOM: summons friendly crimson imp
  3815 | D:5      | Reached skill level 11 in Fighting
  4092 | D:5      | You pick up a book of Rime and begin reading...
  4092 | D:5      | You add the spells Frozen Ramparts, Ice Form and Summon Ice
                  | Beast to your library.
  4167 | D:5      | Learned a level 4 spell: Summon Ice Beast
  4218 | D:5      | Found Moetaut's Firing Range.
  4264 | D:5      | Bought a +0 longbow for 63 gold pieces
  4311 | D:5      | XOM: noise
  4402 | D:5      | Found a glowing drain.
  4413 | Sewer    | Entered a sewer
  4477 | Sewer    | XOM: noise
  4537 | Sewer    | Reached skill level 12 in Fighting
  4623 | Sewer    | XOM: silly message
  4652 | Sewer    | Reached XP level 8. HP: 78/78 MP: 8/8
  4673 | Sewer    | XOM: noise
  4716 | Sewer    | XOM is BORED!
  4716 | Sewer    | XOM: noise
  4812 | D:6      | XOM: blink monster(s)
  4837 | D:6      | You add the spells Ignite Poison, Mephitic Cloud and
                  | Freezing Cloud to your library.
  4890 | D:6      | XOM: silly message
  4942 | D:6      | Reached skill level 13 in Fighting
  4987 | D:6      | XOM: divination: magic mapping
  5205 | D:6      | XOM: polymorph scorpion -> jelly
  5258 | D:6      | Reached skill level 14 in Fighting
  5292 | D:6      | XOM: noise
  5483 | D:6      | XOM: 1-stop teleportation journey
  5803 | D:7      | XOM: confusion (+ monsters)
  5807 | D:7      | Reached skill level 15 in Fighting
  5807 | D:7      | XOM: enchant monster (bad)
  5812 | D:7      | Reached skill level 3 in Dodging
  6031 | D:7      | XOM: enchant monster (good)
  6035 | D:7      | Gained mutation: A meltable shield of frost defends you.
                  | (SH +4) [demonic ancestry]
  6035 | D:7      | Reached XP level 9. HP: 64/75 MP: 9/9
  6040 | D:7      | Reached skill level 4 in Dodging
  6070 | D:7      | XOM: polymorph centaur -> shapeshifter
  6117 | D:7      | Noticed a skeletal warrior
  6162 | D:6      | Identified the +4 fustibalus "Beetleslayer" {freeze,
                  | Fragile Will++} (Xom gifted it to you on level 6 of the
                  | Dungeon)
  6162 | D:6      | XOM: god gift: +4 fustibalus "Beetleslayer" {chaos, Fragile
                  | Will++}
  6199 | D:7      | Banished a skeletal warrior
  6200 | D:7      | Reached skill level 6 in Dodging
  6242 | D:7      | XOM: cleaving
  6245 | D:7      | XOM: cleaving
  6250 | D:7      | XOM: summons friendly ufetubus
  6256 | D:7      | Reached skill level 7 in Dodging
  6349 | D:7      | Noticed Pikel
  6360 | D:7      | Banished Pikel
  6361 | D:7      | Reached skill level 8 in Dodging
  6471 | D:7      | Reached XP level 10. HP: 45/96 MP: 10/10
  6473 | D:7      | XOM: cloud trail
  6677 | D:7      | Noticed a manticore
  6692 | D:7      | HP: 20/144 [manticore (17)]
  6693 | D:7      | Killed a manticore
  6694 | D:7      | Reached skill level 9 in Dodging
  6696 | D:7      | Killed from afar by an orc priest

Vanquished Creatures
  A manticore (D:7)
  An unseen horror (D:7)
  A steam dragon (D:7)
  2 water moccasins
  An orc warrior (D:7)
  4 sky beasts
  An ice beast (D:6)
  An ogre (D:5)
  A black bear (shapeshifter) (D:7)
  A centaur (D:5)
  A lemure (D:7)
  A necrophage (D:6)
  3 bullfrogs (D:7)
  A scorpion (D:6)
  6 wights (D:7)
  2 howler monkeys
  4 jellies
  3 hounds
  8 iguanas
  A merfolk siren (Sewer)
  4 orc wizards
  A merfolk avatar (Sewer)
  11 adders
  4 gnolls
  2 river rats
  A shadow imp (D:7)
  A dart slug (D:1)
  6 orcs
  5 bats
  4 endoplasms
  2 giant cockroaches
  10 goblins
  3 hobgoblins
  8 jackals
  5 quokkas
  15 ball pythons
  12 frilled lizards
  8 kobolds
  35 rats
181 creatures vanquished.

Vanquished Creatures (others)
  47 plants (D:7)
47 creatures vanquished.

Grand Total: 228 creatures vanquished

Table legend:
 A = Non-vault XP
 B = Vault XP
 C = Vault XP percentage of total XP
 D = Non-vault monster count
 E = Vault monster count
 F = Vault count percentage of total count
                 A         B        C        D         E       F
            +---------+---------+-------+---------+---------+-------
      Total |    3457 |    3114 |  47.4 |     129 |      68 |  34.5
            +---------+---------+-------+---------+---------+-------
        D:1 |      49 |       4 |   7.5 |      24 |       2 |   7.7
        D:2 |      83 |       7 |   7.8 |      22 |       4 |  15.4
        D:3 |      35 |       0 |   0.0 |      15 |       0 |   0.0
        D:4 |     484 |       0 |   0.0 |      21 |       0 |   0.0
        D:5 |     552 |      24 |   4.2 |      17 |       8 |  32.0
        D:6 |     756 |       0 |   0.0 |      12 |       0 |   0.0
        D:7 |    1498 |    2884 |  65.8 |      18 |      14 |  43.8
      Sewer |       0 |     195 | 100.0 |       0 |      40 | 100.0
            +---------+---------+-------+---------+---------+-------

Illustrated notes

Table legend:
 A = Kills in this place as a percentage of kills in entire the game.
 B = Kills by you in this place as a percentage of kills by you in the entire game.
 C = Kills by friends in this place as a percentage of kills by friends in the entire game.
 D = Other kills in this place as a percentage of other kills in the entire game.
 E = Experience gained in this place as a percentage of experience gained in the entire game.
 F = Experience gained in this place divided by the number of levels of this place that you have seen.
                   A       B       C       D       E      F
               +-------+-------+-------+-------+-------+----------------------
         Total | 100.0 | 100.0 |   N/A | 100.0 | 100.0 | 821.4
       Dungeon |  79.7 |  78.7 |   N/A |  89.5 |  97.0 | 910.9
         Sewer |  20.3 |  21.3 |   N/A |  10.5 |   3.0 | 195.0
               +-------+-------+-------+-------+-------+----------------------

Table legend: (Time is in decaauts)
 A = Elapsed time spent in this place.
 B = Non-inter-level travel time spent in this place.
 C = Inter-level travel time spent in this place.
 D = Time resting spent in this place.
 E = Time spent auto-exploring this place.
 F = Levels seen in this place.
 G = Mean time per level.
                   A        B        C        D        E       F      G
               +--------+--------+--------+--------+--------+-----+--------+
         Total |   6673 |   6330 |    343 |    685 |   4489 |   8 |  834.1 |
       Dungeon |   6310 |   5967 |    343 |    685 |   4320 |   7 |  901.4 |
         Sewer |    362 |    362 |      0 |      0 |    169 |   1 |  362.0 |
               +--------+--------+--------+--------+--------+-----+--------+

Top non-repeatable levels by time:
     D:4: 1279 daAuts
     D:7: 890 daAuts
     D:2: 864 daAuts
     D:6: 859 daAuts
     D:1: 837 daAuts
     D:5: 804 daAuts
     D:3: 774 daAuts
   Sewer: 362 daAuts
